 Dungeon Crawl Stone Soup version 0.22-a0-407-gb098539 (webtiles) character file.

348 Ijustatesigmund the Sneak (level 6, -6/32 HPs)
             Began as a Spriggan Assassin on May 9, 2018.
             Mangled by an orc
             ... wielding a +0 hand axe
              (7 damage)
             ... on level 4 of the Dungeon.
             The game lasted 00:10:39 (4742 turns).

Ijustatesigmund the Sneak (Spriggan Assassin)       Turns: 4742, Time: 00:10:40

Health: -6/32      AC:  5    Str:  7    XL:     6   Next: 33%
Magic:  7/7        EV: 21    Int: 15    God:
Gold:   100        SH:  0    Dex: 19    Spells: 5/5 levels left

rFire    . . .     SeeInvis +   a - +4 dagger
rCold    . . .     Gourm    .   (shield restricted)
rNeg     . . .     Faith    .   c - +0 robe
rPois    .         Spirit   .   (helmet restricted)
rElec    .         Reflect  .   d - +0 cloak
rCorr    .         Harm     .   (gloves unavailable)
MR       +....                  (boots unavailable)
Stlth    +++++.....             (no amulet)
HPRegen  0.10/turn              j - ring of stealth
MPRegen  0.10/turn              (no ring)

@: very quick
A: very small, unfitting armour, yellow scales 1, see invisible, clever 1,
herbivore, speed 3, slow metabolism 2, wild magic 1
a: no special abilities


You were on level 4 of the Dungeon.
You were not hungry.

You visited 1 branch of the dungeon, and saw 4 of its levels.

You collected 100 gold pieces.

Inventory:

Hand Weapons
 a - a +4 dagger (weapon)
 b - a +0 blowgun
Missiles
 e - 3 poisoned needles
Armour
 c - a +0 robe (worn)
 d - a +0 cloak (worn)
Jewellery
 j - a ring of stealth (left hand)
 k - an uncursed ring of ice
Scrolls
 n - a scroll of immolation
Potions
 i - a potion of curing
 l - a potion of brilliance
 m - a potion of mutation
Comestibles
 g - 7 rations


   Skills:
 + Level 3.0 Fighting
 + Level 5.0 Short Blades
 - Level 2.0 Throwing
 - Level 4.8 Dodging
 - Level 6.7 Stealth


You had 5 spell levels left.
You didn't know any spells.

Dungeon Overview and Level Annotations

Branches:
Dungeon (4/15)
 Temple: D:4-7

Altars:


Innate Abilities, Weirdness & Mutations

You are very small and have problems with some larger weapons.
You are too small for most types of armour.
You have supernaturally acute eyesight. (SInv)
You are a herbivore.
You cover ground extremely quickly.
You need to consume almost no food.
You are partially covered in yellow scales. (AC +2)
Your mind is acute. (Int +2)
Your spells are a little harder to cast, but a little more powerful.


Message History

The phantom closely misses you.
You hit the phantom but do no damage.
The phantom is moderately damaged.
The orc closely misses you.
The phantom hits you but does no damage.
You hit the phantom.
The phantom is moderately damaged.
The orc hits you with a hand axe.
You hit the phantom.
The phantom is heavily damaged.
The phantom hits you!
* * * LOW HITPOINT WARNING * * *
You hit the phantom.
The phantom is heavily damaged.
The orc closely misses you. The phantom hits you.
* * * LOW HITPOINT WARNING * * *
You hit the phantom.
The phantom is severely damaged.
The phantom closely misses you. The orc hits you with a hand axe!
You die...

#...# #...# #...#
#...# #...# #...#
W..####...##########..
o..o.......ooW@oho....
.$.####...##########..
#####


You could see a phantom, a hound and 4 orcs.

Vanquished Creatures
  An ogre (D:4)
  An orc wizard (D:4)
  An orc priest (D:4)
  A worker ant (D:4)
  7 adders
  3 oozes
  4 worms
  4 dart slugs
  2 leopard geckos
  3 orcs (D:4)
  7 bats
  3 giant cockroaches
  10 goblins
  10 hobgoblins
  3 jackals (D:1)
  7 kobolds
  4 quokkas
  A ball python (D:1)
  5 frilled lizards
  6 rats
83 creatures vanquished.

Vanquished Creatures (others)
  An orc (D:4)
1 creature vanquished.

Grand Total: 84 creatures vanquished

Notes
Turn   | Place    | Note
-------+----------+-------------------------------------------
     0 | D:1      | Ijustatesigmund the Spriggan Assassin began the quest for the Orb.
     0 | D:1      | Reached XP level 1. HP: 10/10 MP: 2/2
    38 | D:1      | Reached XP level 2. HP: 9/14 MP: 3/3
   772 | D:1      | Reached XP level 3. HP: 15/18 MP: 4/4
  1840 | D:2      | Reached XP level 4. HP: 22/22 MP: 5/5
  1882 | D:2      | Reached skill level 6 in Stealth
  3933 | D:3      | Reached XP level 5. HP: 24/26 MP: 6/6
  4555 | D:4      | Noticed an ogre
  4589 | D:4      | Killed an ogre
  4661 | D:4      | Noticed a phantom
  4688 | D:4      | Gained mutation: You are partially covered in yellow scales. (AC +2) [potion of mutation]
  4688 | D:4      | Gained mutation: Your spells are a little harder to cast, but a little more powerful. [potion of mutation]
  4688 | D:4      | Gained mutation: Your mind is acute. (Int +2) [potion of mutation]
  4692 | D:4      | Reached XP level 6. HP: 30/32 MP: 7/7
  4730 | D:4      | Reached skill level 5 in Short Blades
  4741 | D:4      | HP: 1/32 [phantom (4)]
  4742 | D:4      | Mangled by an orc

Vault maps used:
D:1:      dpeg_arrival_erosion
D:3:      minmay_door_path
D:4:      first_ration

Skill      XL: |  1  2  3  4  5  6 |
---------------+-------------------+-----
Dodging        | 3 4 |  4.8
Short Blades   | 3 4 5 |  5.0
Stealth        | 6 |  6.7
Fighting       | 2 3 |  3.0
Throwing       | |  2.0

Action                   |  1- 3 |  4- 6 || total
-------------------------+-------+-------++-------
Melee: Dagger            |   100 |   213 ||   313
 Fire: Blowgun           |     2 |    21 ||    23
  Use: Scroll            |     5 |     6 ||    11
       Potion            |       |     7 ||     7
 Stab: Sleeping          |    19 |     8 ||    27
  Eat: Ration            |       |     1 ||     1
Armor: Robe              |    11 |    22 ||    33
Dodge: Dodged            |    71 |   158 ||   229

Table legend:
 A = Spawn XP
 B = Non-spawn XP
 C = Spawn XP percentage of total XP
 D = Spawn monster count
 E = Non-spawn monster count
 F = Spawn count percentage of total count
 G = Total turns spent on level
                    A         B        C        D         E        F      G
               +---------+---------+-------+---------+---------+-------+---------
         Total |       0 |     498 |   0.0 |       0 |      83 |   0.0 |  4742
               +---------+---------+-------+---------+---------+-------+---------
           D:1 |       0 |      84 |   0.0 |       0 |      33 |   0.0 |  1973
           D:2 |       0 |      69 |   0.0 |       0 |      23 |   0.0 |  1415
           D:3 |       0 |      93 |   0.0 |       0 |      20 |   0.0 |  1143
           D:4 |       0 |     252 |   0.0 |       0 |       7 |   0.0 |   211
               +---------+---------+-------+---------+---------+-------+---------
